Map: Lock & Load

Players

wasp

  • Race: Protoss Protoss

larsgj

  • Race: Terran Terran

VOD

Have the link to the VOD?

Description

Time

  • Played on: Oct. 24, 2018, 11:53 a.m.
  • Length: 30:02
Show
View Real Time Build Order
Export as new Build Order

wasp Protoss 

Build Orders:  

Get SALT Encoding   

  1  0:00  Probe x12 (Chrono Boost)  
    0:10  Unknown x2  
  12  0:31  Pylon  
  12  0:55  Pylon  
  12  1:04  Gateway  
  12  1:12  Assimilator  
  12  1:16  Probe (Chrono Boost)  
  13  1:31  Assimilator  
  13  2:02  Forge  
  13  2:21  Zealot  
  15  3:02  Cybernetics Core  
  15  3:37  Pylon  
  15  3:55  Pylon  
  15  4:28  Twilight Council  
  15  4:41  Probe (Chrono Boost)  
  16  5:36  Zealot x2  
  20  6:17  Templar Archives  
  14  7:21  High Templar  
  14  7:22  High Templar  
  14  7:24  High Templar  
  20  8:08  High Templar  
  22  8:15  Archon x2  
  22  9:36  High Templar  
  22  9:39  High Templar  
  26  9:48  Archon  
  26  9:54  Psionic Storm  
  26  10:08  Photon Cannon  
  26  10:18  Photon Cannon  
  26  10:26  Photon Cannon  
  26  10:46  Dragoon  
  28  10:54  Khaydarin Amulet  
  18  13:15  Dragoon x2  
  18  13:16  Dragoon  
  24  13:34  Gateway  
  24  15:09  Dragoon  
  26  15:19  Dragoon  
  24  15:20  Dragoon  
  24  15:21  Dragoon  
  24  15:25  Dragoon  
  30  17:24  High Templar  
  30  17:27  High Templar  
  34  17:30  Dragoon  
  34  17:35  Archon  
  28  18:52  Photon Cannon  
  28  18:58  Photon Cannon  
  28  19:11  Photon Cannon  
  28  19:16  Photon Cannon  
  28  19:28  Photon Cannon  
  28  19:39  Photon Cannon  
  28  19:42  Photon Cannon  
  28  19:53  Dragoon  
  30  20:28  Dragoon  
  32  21:54  Dragoon x2  
  34  26:11  Dragoon x2  
  34  26:12  Dragoon x3  
  34  26:13  Dragoon  
Show
View Real Time Build Order
Export as new Build Order

larsgj Terran 

Build Orders:  

Get SALT Encoding   

  1  0:00  Orbital Command, SCV x12  
    0:10  Unknown  
    0:13  SCV  
  13  0:30  Supply Depot  
  13  0:45  SCV  
  14  1:02  SCV  
  14  1:06  Barracks  
  15  1:19  SCV  
  16  1:20  Supply Depot  
  16  1:36  SCV  
  16  1:38  Marine  
  17  1:48  Marine  
  18  1:53  SCV  
  20  2:01  Marine  
  20  2:02  Refinery  
  20  2:09  Refinery  
  21  2:11  SCV, Marine  
  23  2:25  Marine  
  23  2:26  Supply Depot  
  24  2:34  SCV  
  25  2:46  Marine  
  26  2:57  Engineering Bay  
  26  3:00  SCV, Marine  
  28  3:15  Marine  
  29  3:26  Barracks  
  29  4:01  SCV  
  29  4:02  Marine  
  29  4:04  Barracks Tech Lab  
  31  4:13  Marine  
  31  4:18  SCV, Supply Depot  
  33  4:23  Marine  
  34  4:35  SCV  
  35  4:40  Factory  
  33  5:59  Terran Infantry Weapons Level 1  
  33  6:01  Armory  
  33  6:02  Marine, Barracks Tech Lab  
  34  6:11  SCV  
  34  6:12  Medic  
  37  6:22  Marine  
  37  6:28  SCV  
  39  6:33  Medic  
  41  6:43  Marine  
  41  6:45  SCV  
  43  7:01  Unknown  
  43  7:02  SCV  
  44  7:19  SCV  
  45  7:31  Marine  
  46  7:41  Marine, Medic, Supply Depot  
  46  7:44  Supply Depot  
  46  7:45  Supply Depot  
  46  7:48  Supply Depot  
  49  7:51  Marine  
  49  7:52  Stabilizer Medpacks, Medic  
  52  8:00  SCV  
  52  8:01  Marine  
  52  8:02  Medic  
  56  8:11  Marine  
  56  8:12  Medic  
  56  8:17  SCV  
  60  8:22  Marine x2  
  62  8:34  SCV  
  62  8:39  Terran Infantry Armor Level 1  
  63  8:51  SCV  
  62  9:22  Orbital Command  
  62  9:29  Barracks  
  62  10:38  Marine  
  62  10:39  Marine, Medic  
  62  10:49  Marine, Medic x2  
  66  10:59  Marine x2, Medic  
  71  11:09  Marine, Medic  
  68  11:10  Marine  
  75  11:18  Missile Turret  
  79  11:46  Missile Turret  
  79  12:15  Missile Turret  
  79  12:44  Missile Turret  
  79  13:13  Missile Turret  
  79  13:44  Marine x3, Supply Depot  
  79  13:45  Supply Depot  
  79  13:46  Missile Turret  
  79  13:47  Supply Depot  
  79  13:49  Supply Depot  
  82  13:51  Supply Depot  
  82  13:53  Supply Depot  
  82  13:54  Marine x3  
  82  13:55  Supply Depot  
  82  13:58  Supply Depot  
  85  14:00  Supply Depot  
  85  14:04  Marine, Medic x2  
  90  14:14  Marine x2, Medic, Missile Turret  
  92  14:25  Marine x2, Medic  
  92  14:35  Marine x3  
  92  14:45  Marine, Medic x2, Missile Turret  
  96  14:55  Marine x2  
  98  15:01  Command Center  
  98  15:06  Refinery  
  98  15:13  SCV  
  98  15:16  Missile Turret  
  98  15:30  SCV, Refinery  
  98  15:36  Barracks Tech Lab  
  98  15:41  Marine x2  
  98  15:44  Missile Turret  
  98  15:47  SCV  
  101  15:51  Marine, Medic  
  104  16:13  Missile Turret  
  104  16:42  Missile Turret  
  104  16:49  Marine  
  104  16:50  Marine  
  104  16:51  Marine  
  103  17:00  Marine, Medic  
  107  17:01  Medic  
  107  17:02  SCV  
  113  17:10  Marine x2  
  113  17:11  Medic  
  113  17:19  SCV  
  118  17:20  Marine, Medic  
  118  17:22  Marine  
  118  17:30  Marine, Medic  
  118  17:32  Marine  
  118  17:36  SCV  
  123  17:53  SCV  
  124  18:10  SCV  
  124  18:19  Marine x2  
  125  18:20  Marine  
  125  18:27  SCV  
  125  18:29  Marine  
  129  18:30  Medic x2  
  134  18:40  Marine x3  
  135  18:50  Marine x2, Medic  
  135  18:51  Afterburners  
  139  19:00  Marine x2, Medic  
  143  19:10  Marine x2  
  143  19:11  Marine  
  143  19:12  SCV  
  147  19:20  Marine  
  147  19:21  Marine x2  
  147  19:29  SCV  
  151  19:46  SCV  
  151  19:48  Supply Depot  
  151  19:49  Supply Depot  
  152  19:51  Supply Depot, Advanced Optics  
  152  19:55  Supply Depot  
  152  19:56  Supply Depot  
  152  19:59  Supply Depot  
  152  20:03  SCV  
  153  20:20  SCV  
  154  20:32  Starport  
  154  20:42  Starport  
  154  20:50  Starport  
  154  21:01  Armory  
  154  21:10  Engineering Bay  
  154  21:13  Terran Infantry Weapons Level 2  
  154  21:20  SCV  
  155  21:37  SCV, Starport Tech Lab x2  
  156  21:51  Terran Vehicle and Ship Weapons Level 1  
  156  21:54  SCV  
  156  21:55  Starport Tech Lab  
  157  22:09  Fusion Core  
  157  22:11  SCV  
  157  22:20  Terran Infantry Armor Level 2  
  157  22:28  SCV  
  155  22:36  Marine  
  155  22:37  Marine x2  
  155  22:47  Marine x3  
  154  22:57  Marine x3  
  152  23:07  Marine x2, Medic  
  152  23:17  Medic x2  
  152  23:18  Medic  
  152  23:33  Neosteel Frame  
  152  23:55  Marine x3  
  155  24:05  Marine x2, Medic  
  158  24:15  Marine, Medic x2  
  163  24:20  Battlecruiser x3  
  163  24:25  Marine  
  163  24:26  Marine, Medic  
  185  24:30  Terran Vehicle And Ship Armor Level 1  
  185  24:36  Marine x2, Medic  
  185  24:37  Terran Vehicle and Ship Weapons Level 2  
  188  24:45  Weapon Refit  
  186  25:03  Battlecruiser  
  186  25:04  Marine x2  
  186  25:05  Marine  
  194  25:14  Medic x2  
  194  25:15  Medic  
  200  25:23  Terran Infantry Weapons Level 3  
  200  25:30  Structure Armor  
  199  26:58  Marine  
  188  29:22  Orbital Command  
Tags
 
Commander
ArtanisRaynor
Matchup
Co-op
Replay Pack
Multiplayer
Add a new tag
Caveats
  • Supply blocks, unpowered buildings, or Contaminate may cause inaccurate times.
  • Supply counts are checked every 10 seconds.